 Dungeon Crawl Stone Soup version 0.17.0-26-gececa24 (console) character file.

23370 gw the Basher (level 12, -3/112 HPs)
             Began as a Deep Dwarf Fighter on Nov 20, 2015.
             Was the Champion of Makhleb.
             Slain by a sun demon (12 damage)
             ... summoned by an orc sorcerer
             ... on level 4 of the Orcish Mines.
             The game lasted 00:17:56 (12156 turns).

gw the Basher (Deep Dwarf Fighter)                 Turns: 12156, Time: 00:17:56

Health: -3/112     AC: 22    Str: 24    XL:     12   Next: 71%
Magic:  6/6        EV:  6    Int: 17    God:    Makhleb [******]
Gold:   1210       SH: 14    Dex: 16    Spells: 0 memorised, 11 levels left

rFire  . . .     SeeInvis .     b - +0 morningstar
rCold  . . .     Clarity  .     a - +1 plate armour
rNeg   + . .     SustAt   .     c - +2 shield
rPois  .         Gourm    .     y - +3 helmet of Parts Unknown {Str+3 Int+8}
rElec  .         Spirit   .     o - +1 cloak
rCorr  .         Warding  .     (no gloves)
rMut   .         Stasis   .     (no boots)
MR     +....                    i - amulet of faith
Stlth  ..........               k - ring of positive energy
                                (no ring)

@: non-regenerating, drained, somewhat resistant to hostile enchantments,
extremely unstealthy
A: damage resistance, recharge devices, sense surroundings 2, slow regeneration
3
a: Device Recharging, Minor Destruction, Lesser Servant of Makhleb, Major
Destruction, Greater Servant of Makhleb, Renounce Religion


You were on level 4 of the Orcish Mines.
You worshipped Makhleb.
Makhleb was exalted by your worship.
You were not hungry.

You visited 2 branches of the dungeon, and saw 16 of its levels.
You also visited: Bailey.

You collected 1210 gold pieces.

Inventory:

Hand Weapons
 b - a +0 morningstar (weapon)
Missiles
 j - 204 stones
 n - 68 tomahawks of returning (quivered)
 q - 99 poisoned needles
 x - 13 tomahawks
 z - 3 steel tomahawks
 A - 8 exploding tomahawks
Armour
 a - a +1 plate armour (worn)
 c - a +2 shield (worn)
 o - a +1 cloak (worn)
 y - the +3 helmet of Parts Unknown (worn) {Str+3 Int+8}
   (You found it on level 8 of the Dungeon)

   It affects your strength (+3).
   It affects your intelligence (+8).
Jewellery
 i - an amulet of faith (around neck)
 k - a ring of positive energy (right hand)
Wands
 e - a wand of heal wounds (2)
 p - a wand of draining (8)
 r - a wand of cold (15)
 t - a wand of magic darts (20)
Scrolls
 d - 11 scrolls of identify
 h - 2 scrolls of remove curse
 v - a scroll of teleportation
Potions
 B - a potion of lignification
Comestibles
 f - 12 bread rations
 g - a royal jelly
 l - a slice of pizza
 m - 3 beef jerkies
 s - 3 chunks of flesh
 u - 9 fruits
 w - 6 meat rations


   Skills:
 + Level 8.4(8.3) Fighting
 * Level 11.7(11.6) Maces & Flails
 + Level 7.8 Throwing
 + Level 10.0(9.9) Armour
 + Level 9.6 Shields
 + Level 10.7(10.6) Invocations
 - Level 1.6 Evocations


You had 11 spell levels left.
You didn't know any spells.

Dungeon Overview and Level Annotations

Branches:
Dungeon (12/15)            Temple (0/1) D:6             Orc (4/4) D:9
    Elf (0/3) Orc:4
   Lair: D:8-11

Altars:
Ashenzari
Fedhas
Gozag
Kikubaaqudgha
Makhleb
Okawaru
Ru
Sif Muna
Trog
Vehumet
Xom
Yredelemnul
Zin
Beogh

Shops:
Orc:3 (


Innate Abilities, Weirdness & Mutations

You are resistant to damage.
You can recharge devices by infusing magical energy.
You passively map the area around you.
You do not regenerate naturally.


Message History

Charge which item? (? for menu, Esc to quit)
Your wand of heal wounds (0) glows for a moment and now has 3 charges.
You block the chaos spawn's attack.
The ufetubus hits you but does no damage.
You block the ufetubus's attack.
The orc sorcerer mumbles some strange words.
The orc warrior hits you with a battleaxe!
The orc hits you but does no damage.
The neqoxec gestures.
Evoke which item? (* to show all) (? for menu, Esc to quit)
Zapping:
e - a wand of heal wounds (3)
Press: ? - help, Shift-Dir - straight line, f - you You feel much better.
This wand has 2 charges left.
You block the ufetubus's attack. The ufetubus closely misses you.
The orc warrior hits you with a long sword!
The chaos spawn hits you but does no damage.
The orc warlord hits you with a war axe.
You block the orc warrior's attack. The sun demon hits you.
You are engulfed in flames!
You die...

#.............#,, ,,
, ##............## ,
, ##.#.))#.#....# ,,
., , * ###[.))......#
.. , ,
##.)))......#####.5.
, *
#........#....8oo...
,,,,,
##......##..53ooo3..,
, ##.....##5oo3hoo.o.
, ##.......2gooo.oo.
, ##.......o38oooo.,
##.#...######o.., *
####.## . , , *
,#...# , *,......# ,
* #.....##, 8 , * ,,
##.#### * * , * ##* *
* * ,* * *


You could see an orc warlord, a green death, 2 orc knights, a sun demon, 2
neqoxecs, a chaos spawn, a warg, 2 orc sorcerers, 8 orc warriors, 2 iron imps,
an orc priest (frenzied), 2 orc wizards, 5 orcs and an ufetubus.

Table legend:
 A = Turns spent in this place as a percentage of turns spent in the entire game.
 B = Non-inter-level travel turns spent in this place as a percentage of non-inter-level travel turns spent in the entire game.
 C = Inter-level travel turns spent in this place as a percentage of turns spent in this place.
 D = Turns resting spent in this place as a percentage of non-inter-level travel turns spent in this place.
 E = Turns spent auto-exploring this place as a percentage of non-inter-level travel turns spent in this place.
 F = Non-inter-level travel turns spent in this place divided by the number of levels of this place that you've seen.
                   A       B       C       D       E      F
               +-------+-------+-------+-------+-------+----------------------
         Total | 100.0 | 100.0 |   0.4 |   0.0 |   2.0 | 1662.3
       Dungeon |  83.0 |  83.0 |   0.4 |   0.0 |   1.9 | 1954.1
  Orcish Mines |  12.7 |  12.8 |   0.2 |   0.0 |   2.4 | 901.5
        Bailey |   4.2 |   4.3 |   0.0 |   0.0 |   2.8 | 1204.0
               +-------+-------+-------+-------+-------+----------------------

Table legend:
 A = Kills in this place as a percentage of kills in entire the game.
 B = Kills by you in this place as a percentage of kills by you in the entire game.
 C = Kills by friends in this place as a percentage of kills by friends in the entire game.
 D = Other kills in this place as a percentage of other kills in the entire game.
 E = Experience gained in this place as a percentage of experience gained in the entire game.
 F = Experience gained in this place divided by the number of levels of this place that you have seen.
                   A       B       C       D       E      F
               +-------+-------+-------+-------+-------+----------------------
         Total | 100.0 | 100.0 | 100.0 |  -nan | 100.0 | 1895.2
       Dungeon |  72.3 |  70.7 |  94.3 |  -nan |  88.9 | 2387.0
  Orcish Mines |  20.9 |  22.1 |   5.7 |  -nan |   8.3 | 668.2
        Bailey |   6.8 |   7.3 |   0.0 |  -nan |   2.8 | 902.0
               +-------+-------+-------+-------+-------+----------------------

Vanquished Creatures
  Rupert (D:12)
  The ghost of EternalSandwich the Cruncher, a novice DsGl of Okawaru (D:9)
  The ghost of gw the Cleaver, a novice HOGl of Nemelex Xobeh (D:6)
  A skeletal warrior (D:12)
  A shadow wraith (D:12)
  An orc knight (Bailey)
  A hill giant (D:12)
  3 ugly things (D:12)
  2 gargoyles (D:12)
  3 trolls
  A two-headed ogre (D:12)
  Sigmund (D:4)
  A wyvern (D:9)
  10 yaks
  2 hungry ghosts
  A fire elemental (D:12)
  3 vampire mosquitoes (D:12)
  5 hippogriffs
  Menkaure (D:5)
  A basilisk (D:12)
  3 wargs
  2 ice beasts
  4 sky beasts
  A wasp (D:12)
  An eye of draining (D:12)
  15 orc warriors
  5 centaurs
  A crocodile (D:8)
  The ghost of HAWKINGL3623 the Grave Robber, an amateur DsWn of Yredelemnul (D:3)
  8 ogres
  3 big kobolds
  10 giant frogs
  A wyvern zombie (D:10)
  2 scorpions
  4 worker ants
  12 killer bees
  3 wights (D:8)
  2 giant frog zombies
  A jelly (D:7)
  A centaur zombie (D:7)
  3 crimson imps
  14 orc wizards
  3 giant frog skeletons
  Ijyb (D:3)
  4 hounds
  15 orc priests
  Terence (D:2)
  3 centaur skeletons
  3 iguanas
  2 sheep (D:12)
  A wasp simulacrum (D:12)
  A worker ant zombie (D:11)
  Robin (D:4)
  12 adders
  13 gnolls (Bailey)
  2 hound skeletons
  2 shadow imps (D:12)
  3 oozes
  7 worms
  2 adder skeletons
  6 giant geckos
  130 orcs
  A ball python (D:6)
  7 bats
  5 giant cockroaches
  20 hobgoblins
  12 jackals
  23 kobolds
  6 quokkas
  10 giant newts
  2 gnoll zombies (D:2)
  17 goblins
  2 jackal skeletons
  2 jackal zombies
  A quokka skeleton (D:6)
  A quokka zombie (D:9)
  8 rats
467 creatures vanquished.

Vanquished Creatures (collateral kills)
  Azrael (D:12)
  A hydra (D:9)
  The ghost of gw the Grappler, a novice DDMo of Yredelemnul (D:10)
  The ghost of Sovek the Severer, a novice HOBe of Trog (D:8)
  A cyclops (D:12)
  An orc sorcerer (Orc:4)
  A hippogriff (D:12)
  2 wyverns
  4 yaks
  2 fire elementals (D:12)
  4 hell hounds (D:12)
  An ice beast (D:8)
  An ogre (D:4)
  A giant frog (D:10)
  An orc wizard (D:4)
  A giant frog skeleton (D:8)
  An adder (D:4)
  6 orcs
  3 jackals (D:4)
  A giant gecko skeleton (D:4)
35 creatures vanquished.

Vanquished Creatures (others)
  A giant frog skeleton (D:4)
1 creature vanquished.

Grand Total: 503 creatures vanquished

Notes
Turn   | Place    | Note
--------------------------------------------------------------
     0 | D:1      | gw the Deep Dwarf Fighter began the quest for the Orb.
     0 | D:1      | Reached XP level 1. HP: 20/20 MP: 1/1
   174 | D:1      | Reached XP level 2. HP: 25/27 MP: 2/2
   185 | D:1      | Reached skill level 1 in Evocations
   953 | D:2      | Reached XP level 3. HP: 28/33 MP: 4/4
  1134 | D:2      | Reached XP level 4. HP: 40/42 MP: 5/5
  1244 | D:2      | Noticed Terence
  1263 | D:2      | Killed Terence
  1263 | D:2      | Reached skill level 1 in Throwing
  1301 | D:2      | Found a shattered altar of Ashenzari.
  1445 | D:2      | Found a burning altar of Makhleb.
  1452 | D:2      | Reached skill level 4 in Armour
  1452 | D:2      | Reached XP level 5. HP: 35/49 MP: 6/6
  1458 | D:2      | Became a worshipper of Makhleb the Destroyer
  1501 | D:2      | Found a basalt altar of Yredelemnul.
  1625 | D:2      | Found an ancient bone altar of Kikubaaqudgha.
  1864 | D:3      | Noticed Ijyb
  1882 | D:3      | Killed Ijyb
  1882 | D:3      | Reached skill level 1 in Invocations
  1961 | D:3      | Noticed HAWKINGL3623's ghost (amateur DsWn)
  1975 | D:3      | Killed HAWKINGL3623's ghost
  1975 | D:3      | Reached * piety under Makhleb
  1975 | D:3      | Reached XP level 6. HP: 30/57 MP: 7/7
  2280 | D:3      | Found a glowing silver altar of Zin.
  2497 | D:4      | Noticed Robin
  2533 | D:4      | Killed Robin
  2546 | D:4      | Reached ** piety under Makhleb
  2565 | D:4      | Found a blossoming altar of Fedhas.
  2664 | D:4      | Reached XP level 7. HP: 34/63 MP: 7/9
  2991 | D:4      | Noticed Sigmund
  2996 | D:4      | Killed Sigmund
  3055 | D:4      | Reached *** piety under Makhleb
  3425 | D:4      | Reached skill level 5 in Fighting
  3425 | D:4      | Reached skill level 8 in Maces & Flails
  3425 | D:4      | Reached skill level 5 in Throwing
  3425 | D:4      | Reached XP level 8. HP: 69/76 MP: 8/12
  3451 | D:5      | Entered Level 5 of the Dungeon
  3471 | D:5      | Found an iron altar of Okawaru.
  3663 | D:5      | Noticed Menkaure
  3673 | D:5      | Killed Menkaure
  3673 | D:5      | Gained mutation: You passively map the area around you. [Deep Dwarf growth]
  3673 | D:5      | Reached XP level 9. HP: 47/82 MP: 13/13
  3687 | D:5      | Found a radiant altar of Vehumet.
  3949 | D:5      | Gained mutation: You occasionally shout uncontrollably at your foes. [potion of mutation]
  3949 | D:5      | Gained mutation: You can breathe flames. [potion of mutation]
  4161 | D:6      | Found a sacrificial altar of Ru.
  4330 | D:6      | Reached **** piety under Makhleb
  4427 | D:6      | Noticed gw's ghost (novice HOGl)
  4442 | D:6      | Killed gw's ghost
  4611 | D:6      | Found a staircase to the Ecumenical Temple.
  5009 | D:7      | Found a bloodstained altar of Trog.
  5293 | D:7      | Reached ***** piety under Makhleb
  5556 | D:7      | Reached skill level 9 in Maces & Flails
  5774 | D:8      | Found an iron altar of Okawaru.
  5818 | D:8      | Reached XP level 10. HP: 92/92 MP: 14/14
  5868 | D:8      | Noticed Sovek's ghost (novice HOBe)
  5972 | D:8      | Killed Sovek's ghost
  6120 | D:8      | Found a shimmering altar of Xom.
  6317 | D:8      | Got a faintly glowing helmet
  6328 | D:8      | Identified the +3 helmet of Parts Unknown {Str+3 Int+8} (You found it on level 8 of the Dungeon)
  6597 | D:9      | Noticed EternalSandwich's ghost (novice DsGl)
  6645 | D:9      | Killed EternalSandwich's ghost
  6813 | D:9      | Found a bloodstained altar of Trog.
  6942 | D:9      | Noticed a four-headed hydra
  6952 | D:9      | Killed a four-headed hydra
  6952 | D:9      | Reached XP level 11. HP: 91/99 MP: 16/16
  7005 | D:9      | Found an opulent altar of Gozag.
  7215 | D:9      | Found a roughly hewn altar of Beogh.
  7227 | D:9      | Reached skill level 10 in Maces & Flails
  7283 | D:9      | Reached ****** piety under Makhleb
  7339 | D:9      | Found a staircase to the Orcish Mines.
  7633 | D:10     | Entered Level 10 of the Dungeon
  7874 | D:10     | Noticed gw's ghost (novice DDMo)
  7891 | D:10     | Killed gw's ghost
  8280 | D:10     | Found a deep blue altar of Sif Muna.
  8612 | D:11     | Found a flagged portal.
  8651 | Bailey   | Entered a bailey
  8972 | Bailey   | Lost mutation: You occasionally shout uncontrollably at your foes. [potion of cure mutation]
  8972 | Bailey   | Lost mutation: You can breathe flames. [potion of cure mutation]
  9043 | D:12     | Noticed Rupert
  9060 | D:12     | Killed Rupert
  9209 | D:12     | Noticed a skeletal warrior
  9220 | D:12     | Reached skill level 10 in Invocations
  9239 | D:12     | Reached XP level 12. HP: 110/110 MP: 0/13
  9345 | D:12     | Reached skill level 11 in Maces & Flails
  9445 | D:12     | Killed a skeletal warrior
  9607 | D:12     | Killed a shadow wraith
  9908 | D:12     | Noticed Azrael
  9936 | D:12     | Killed Azrael
 10653 | Orc:1    | Entered Level 1 of the Orcish Mines
 11366 | Orc:3    | Found Faarah's Antique Weapon Shop.
 11674 | Orc:4    | Entered Level 4 of the Orcish Mines
 11755 | Orc:4    | Paralysed by an orc sorcerer for 7 turns
 11828 | Orc:4    | Found a roughly hewn altar of Beogh.
 12078 | Orc:4    | Found a staircase to the Elven Halls.
 12103 | Orc:4    | Reached skill level 10 in Armour
 12146 | Orc:4    | Noticed an orc warlord
 12153 | Orc:4    | Noticed a green death
 12156 | Orc:4    | Slain by a sun demon

Action                   |  1- 3 |  4- 6 |  7- 9 | 10-12 || total
-------------------------+-------+-------+-------+-------++-------
Melee: Flail             |   106 |   260 |   256 |    25 ||   647
       Morningstar       |       |       |       |  1088 ||  1088
Throw: Stone             |    59 |   123 |   172 |    59 ||   413
       Tomahawk          |       |       |       |   124 ||   124
Invok: Minor Destruction |       |       |     6 |     2 ||     8
       Lesser Servant of |       |       |     2 |     9 ||    11
       Greater Servant o |       |       |       |     4 ||     4
 Abil: Device Recharging |       |       |     1 |    13 ||    14
       Breathe Fire      |       |       |    13 |    37 ||    50
Evoke: Wand              |     1 |    10 |     7 |    68 ||    86
  Use: Scroll            |     2 |     4 |     7 |     8 ||    21
       Potion            |     1 |     1 |     7 |     9 ||    18
 Stab: Distracted        |       |       |     1 |     2 ||     3
       Confused          |       |       |       |     1 ||     1
  Eat: Chunk             |     1 |     6 |    13 |    27 ||    47
       Royal jelly       |       |       |       |     2 ||     2
       Bread ration      |       |       |       |     1 ||     1

Vault maps used:
D:1:      dpeg_arrival_rooms_c
D:2:      ashenzari_altar_1, nicolae_overflow_hidden_temple,
          lemuel_zombie_altar_yredelemnul, makhleb_heckhound_becter,
          uniq_terence
D:3:      zin_statuary, uniq_iyjb
D:4:      fedhas_bush_and_centaur_altar, kennysheep_nondescript,
          kennysheep_generic_room_16, uniq_sigmund, uniq_robin
D:5:      kennysheep_mini_moat, first_bread, kennysheep_okawaru_gauntlet,
          uniq_menkaure
D:6:      nicolae_overflow_crystal_walls, minmay_temple_entry_statues_pillars,
          hangedman_decor_lopped
D:7:      kennysheep_little_box
D:8:      lemuel_crystal_altar, overflow_temple_1_default, feat_on_display
D:9:      kennysheep_mini, david_orc_5, basic_altar
D:10:     basic_altar
D:11:     lair_0_dummy, enter_bailey_2, grunt_pizzeria
D:12:     minmay_blocking_statues, uniq_azrael, uniq_rupert
Orc:1:    basic_altar
Orc:2:    basic_altar
Orc:3:    serial_shops, shop_coins, nicolae_orc_pool_cavern, trog_hazing_becter
Orc:4:    grunt_orc_cross, basic_altar, trog_book
Bailey:   bailey_axe_2, bailey
